 Dungeon Crawl Stone Soup version 0.30-a0-930-gb9d0489357 (webtiles) character file.

Game seed: 2641881518674128733

1445734 Flugkiller the Maledictor (level 24, 169/169 HPs)
             Began as a Felid Ice Elementalist on Mar 23, 2023.
             Was the Champion of Nemelex Xobeh.
             Escaped with the Orb
             ... and 3 runes!
             The game lasted 02:36:26 (87248 turns).

Flugkiller the Maledictor (Felid Ice Elementalist) Turns: 87248, Time: 02:36:26

Health: 169/169    AC: 16    Str: 19    XL:     24   Next: 74%
Magic:  36/43      EV: 29    Int: 24    God:    Nemelex Xobeh [******]
Gold:   7109       SH:  5    Dex: 19    Spells: 7/53 levels left
                                        Lives:  1   Deaths: 3

rFire   + + .      SeeInvis +      - Unarmed
rCold   + . .      Faith    .    (shield unavailable)
rNeg    + + .      Spirit   .    (body armour unavailable)
rPois   +          Reflect  +    (helmet unavailable)
rElec   .          Rampage  .    (cloak unavailable)
rCorr   .                        (gloves unavailable)
Will    +++..                    (boots unavailable)
Stlth   ++                       s - amulet "Donelel" {Reflect rPois rC+ rN+ SH+5 Stlth+}
HPRegen 0.48/turn                X - ring "Seogiamu" {rC+ rN+ Str+3}
MPRegen 0.28/turn                K - ring of the Hare {EV+10}

@: dragon-form, flying
A: dragon claw, dragon scales, breathe fire, flying, boosted hp, giant, (claws
1), (fangs 3), see invisible, (speed 1), (shaggy fur 3), (stealthy paws), no
weapons or thrown items, no armour, multi-lived, (antennae 1), (iridescent
scales 2), frail 1, evolution 1, (cold vulnerability 1), subdued magic 1
0: Orb of Zot
}: 3/15 runes: serpentine, barnacled, abyssal
a: Breathe Fire, End Transformation, Renounce Religion, Draw Escape, Draw
Destruction, Draw Summoning, Triple Draw, Deal Four, Stack Five


You escaped.
You worshipped Nemelex Xobeh.
Nemelex Xobeh was exalted by your worship.
You were a fearsome dragon!
You visited 11 branches of the dungeon, and saw 48 of its levels.
You visited the Abyss 4 times.
You visited 1 bazaar.
You also visited: Trove, Gauntlet, Ice Cave and Wizlab.

You collected 8343 gold pieces.
You spent 1234 gold pieces at shops.

Inventory:

Jewellery
 c - a ring of protection from cold
   (You found it on level 2 of the Snake Pit)
 e - the ring "Wugoif" {Fire Contam rElec rPois Will+}
   (You found it in a treasure trove)

   [ring of fire]

   It enhances your fire magic.
   rF:        It protects you from fire.
   rC:        It makes you vulnerable to cold.
   rElec:     It insulates you from electricity.
   rPois:     It protects you from poison.
   Contam:    It causes magical contamination when unequipped.
   Will:      It increases your willpower.
 f - a ring of protection from fire
   (You took it off a vault warden on level 1 of the Vaults)
 m - a ring of willpower
   (You took it off a spriggan berserker on level 3 of the Depths)
 p - a +4 ring of protection
   (You found it on level 1 of the Dungeon)
 s - the amulet "Donelel" (around neck) {Reflect rPois rC+ rN+ SH+5 Stlth+}
   (You found it in a treasure trove)

   [amulet of reflection]

   It reflects blocked missile attacks.
   rC:        It protects you from cold.
   rPois:     It protects you from poison.
   rN:        It protects you from negative energy.
   SH:        It affects your SH (+5).
   Stlth:     It makes you more stealthy.
 v - a +5 ring of evasion
   (You found it on level 1 of the Elven Halls)
 K - the ring of the Hare (right foreclaw) {EV+10}
   (You found it on level 5 of the Lair of Beasts)

   [ring of evasion]

   EV:        It affects your evasion (+10).
 S - the ring "Yllueraghe" {rElec rN+ rCorr MP-9 Int-3}
   (You found it on level 3 of the Elven Halls)

   [ring of positive energy]

   Int:       It affects your intelligence (-3).
   rElec:     It insulates you from electricity.
   rN:        It protects you from negative energy.
   MP:        It affects your magic capacity (-9).
   rCorr:     It protects you from acid and corrosion.
 V - a ring of protection from fire
   (You took it off a spriggan air mage on level 2 of the Depths)
 X - the ring "Seogiamu" (left foreclaw) {rC+ rN+ Str+3}
   (You acquired it on level 3 of the Depths)

   [ring of positive energy]

   Str:       It affects your strength (+3).
   rC:        It protects you from cold.
   rN:        It protects you from negative energy.
 Z - a ring of the Octopus King {HP+2 MP+9 AC+2 EV+2 SH+2}
   (You found it on level 3 of the Realm of Zot)

   [ring of magical power]

   AC:        It affects your AC (+2).
   EV:        It affects your evasion (+2).
   HP:        It affects your health (+2).
   MP:        It affects your magic capacity (+9).
   SH:        It affects your SH (+2).
Wands
 o - a wand of digging (5)
   (You took it off Blork the orc on level 4 of the Dungeon)
 u - a wand of roots (61)
   (You found it in a treasure trove)
 B - a wand of mindburst (44)
   (You bought it in a shop on level 8 of the Dungeon)
 O - a wand of acid (23)
   (You found it on level 4 of the Snake Pit)
 R - a wand of charming (9)
   (You found it on level 9 of the Dungeon)
 W - a wand of flame (15)
   (You found it on level 3 of the Vaults)
Scrolls
 g - 4 scrolls of torment
 k - 11 scrolls of poison
 l - 7 scrolls of fear
 r - 17 scrolls of identify
 t - 10 scrolls of teleportation
 y - 4 scrolls of amnesia
 z - 2 scrolls of blinking
 D - 3 scrolls of fog
 E - 2 scrolls of magic mapping
 M - 4 scrolls of vulnerability
 N - 2 scrolls of summoning
 Q - 2 scrolls of immolation
 Y - a scroll of silence
Potions
 a - 2 potions of magic
 d - 9 potions of might
 h - 6 potions of haste
 i - 2 potions of ambrosia
 j - 9 potions of brilliance
 n - 2 potions of resistance
 q - 9 potions of curing
 x - a potion of cancellation
 A - a potion of mutation
 C - 9 potions of lignification
 F - 4 potions of invisibility
 I - 5 potions of flight
 J - 3 potions of berserk rage
 L - 5 potions of attraction
Miscellaneous
 b - a phantom mirror
   (You found it in a wizard's laboratory)
 G - a box of beasts
   (You found it in a Gauntlet)
 H - a tin of tremorstones (2/2)
   (You found it on level 3 of the Lair of Beasts)
 P - a lightning rod (4/4)
   (You found it on level 4 of the Snake Pit)
 T - a phial of floods
   (You found it on level 3 of the Elven Halls)
 U - a condenser vane
   (You found it on level 3 of the Elven Halls)


   Skills:
 + Level 22.1 Fighting
 + Level 19.7 Dodging
 - Level 10.0 Stealth
 + Level 22.1 Unarmed Combat
 - Level 15.0 Spellcasting
 - Level 24.0 Hexes
 - Level 6.0 Summonings
 - Level 10.0 Translocations
 - Level 16.0 Transmutations
 - Level 8.0 Ice Magic
 - Level 8.0 Earth Magic
 - Level 20.0 Invocations
 - Level 8.0 Evocations


You had 7 spell levels left.
You knew the following spells:

 Your Spells              Type           Power      Damage    Failure   Level
a - Statue Form           Tmut/Erth      36%        N/A       2%          6
b - Frozen Ramparts       Ice            86%        1d13      1%          3
c - Ozocubu's Armour      Ice            43%        N/A       1%          3
d - Lesser Beckoning      Tloc           100%       N/A       1%          2
e - Cause Fear            Hex            40%        N/A       0%          4
f - Yara's Violent Unrav  Hex/Tmut       36%        3d15      0%          5
g - Dragon Form           Tmut           32%        N/A       2%          7
h - Discord               Hex            40%        N/A       1%          8
i - Irradiate             Conj/Tmut      21%        3d18      2%          5
q - Apportation           Tloc           100%       N/A       1%          1
r - Blink                 Tloc           100%       N/A       1%          2

Your spell library contained the following spells:

 Spells                   Type           Power      Damage    Failure   Level
 Ensorcelled Hibernation  Hex/Ice        100%       N/A       0%          2
 Passwall                 Tmut/Erth      45%        N/A       0%          2
 Wereblood                Tmut           64%        N/A       0%          2
 Tukima's Dance           Hex            80%        N/A       0%          3
 Freeze                   Ice            100%       1d10      1%          1
 Sandblast                Erth           86%        2d18      1%          1
 Sting                    Tmut/Pois      100%       1d8       1%          1
 Summon Small Mammal      Summ           100%       N/A       1%          1
 Momentum Strike          Conj/Tloc      64%        3d9       1%          2
 Dazzling Flash           Conj/Hex       100%       N/A       1%          3
 Gell's Gravitas          Tloc           50%        N/A       1%          3
 Hailstorm                Conj/Ice       28%        3d8       1%          3
 Ignite Poison            Fire/Tmut/Pois 33%        N/A       1%          3
 Inner Flame              Hex/Fire       55%        N/A       1%          3
 Kindle Blastsparks       Fire/Tloc/Air  52%        2d14      1%          3
 Stone Arrow              Conj/Erth      56%        3d10      1%          3
 Teleport Other           Tloc           50%        N/A       1%          3
 Fulminant Prism          Conj/Hex       27%        3d13      1%          4
 Leda's Liquefaction      Hex/Erth       32%        N/A       1%          4
 Passage of Golubria      Tloc           50%        N/A       1%          4
 Summon Ice Beast         Ice/Summ       39%        N/A       1%          4
 Blade Hands              Tmut           32%        N/A       1%          5
 Silence                  Hex/Air        27%        N/A       1%          5
 Foxfire                  Conj/Fire      52%        2x1d6     2%          1
 Necrotise                Necr           52%        1d6       2%          1
 Lee's Rapid Deconstruct  Erth           21%        3d12*     2%          5
 Summon Forest            Summ/Tloc      21%        N/A       2%          5
 Poisonous Vapours        Pois/Air       26%        N/A       3%          2
 Scorch                   Fire           26%        2d6       3%          2
 Sublimation of Blood     Necr           13%        N/A       3%          2
 Iskenderun's Mystic Bla  Conj/Tloc      32%        2d8       3%          4
 Swiftness                Air            13%        N/A       8%          3
 Borgnjor's Vile Clutch   Necr/Erth      14%        N/A       14%         5
 Eringya's Noxious Bog    Tmut/Pois      21%        N/A       16%         6
 Animate Dead             Necr           13%        N/A       26%         4
 Flame Wave               Conj/Fire      13%        2d6       26%         4
 Olgreb's Toxic Radiance  Pois           13%        N/A       26%         4
 Sticky Flame             Conj/Fire      13%        2d4       26%         4
 Freezing Cloud           Conj/Ice/Air   11%        6-21      26%         5
 Summon Cactus Giant      Summ           18%        N/A       34%         6
 Agony                    Necr           13%        N/A       61%         5
 Fireball                 Conj/Fire      6%         3d5       61%         5
 Iskenderun's Battlesphe  Conj           13%        2d7       61%         5
 Iron Shot                Conj/Erth      14%        9d4       63%         6
 Ozocubu's Refrigeration  Ice            21%        4d12      65%         7
 Summon Hydra             Summ           18%        N/A       90%         7
 Conjure Ball Lightning   Conj/Air       6%         3x3d6     99%         6
 Death Channel            Necr           6%         N/A       99%         6
 Starburst                Conj/Fire      6%         6d4       99%         6
 Spellforged Servitor     Conj/Summ      12%        N/A       100%        7
 Borgnjor's Revivificati  Necr           6%         N/A       100%        8
 Ignition                 Fire           6%         3d4       100%        8
 Lehudib's Crystal Spear  Conj/Erth      14%        10d5      100%        8
 Necromutation            Tmut/Necr      21%        N/A       100%        8
 Death's Door             Necr           6%         N/A       100%        9
 Dragon's Call            Summ           18%        N/A       100%        9
 Fire Storm               Conj/Fire      6%         8d2       100%        9
 Animate Armour           Summ/Erth      Unusable   N/A       N/A         4

Dungeon Overview and Level Annotations

Branches:
Dungeon (15/15)            Temple (1/1) D:7            Lair (5/5) D:10
 Shoals (4/4) Lair:3        Snake (4/4) Lair:2        Slime (0/5) Lair:5
    Orc (2/2) D:12            Elf (3/3) Orc:2        Vaults (4/5) D:13
  Crypt (0/3) Vaults:3     Depths (4/4) D:15           Hell (visited)
    Zot (5/5) Depths:4      IceCv (visited)          WizLab (visited)
Gauntlet (visited)
    Dis: Hell:1         Geh: Hell:1         Coc: Hell:1         Tar: Hell:1

Altars:
Ashenzari
Cheibriados
Dithmenos
Elyvilon
Fedhas
Gozag
Hepliaklqana
Kikubaaqudgha
Makhleb
Nemelex Xobeh
Okawaru
Qazlal
Ru
Sif Muna
Trog
Uskayaw
Vehumet
Wu Jian
Xom
Yredelemnul
Zin
The Shining One
Lugonu

Shops:
D:8 *(([=   Orc:2 *:(?*   Shoals:1 ?*   Snake:2 (*!   Snake:3 [!   Vaults:3 (

Portals:
Hell: Depths:1 Depths:2 Depths:3 Depths:4
Abyss: Lair:5 Depths:2 Depths:3
Pandemonium: Orc:2 Depths:2
Ziggurat: Depths:2

Annotations:
D:3 3 runed translucent doors, rigao's ghost, weakling GrAr
D:6 exclusion: downstairs
D:8 1 exclusion
D:9 exclusion: cyclops
Lair:2 2 transporters, Dirtsage's ghost, journeyman DsBe
Lair:5 1 runed translucent door, exclusion: 3 oklob plants, ma3's ghost, journeyman OgWr
Shoals:1 emiel's ghost, journeyman DsBe
Snake:4 1 runed translucent door, Flippered's ghost, adept DrIE
Elf:2 5 runed translucent doors
Vaults:2 2 transporters, exclusion: orange crystal statue
Vaults:4 3 runed translucent doors, Fubrub's ghost, veteran GnWr


Innate Abilities, Weirdness & Mutations

You are a fearsome dragon!
You have a powerful clawing attack.
Your giant scaled body is strong and resiliant, but less evasive.
You can breathe fire.
You are flying.
Your maximum health is greatly increased.
((You have sharp claws.))
((You have razor-sharp teeth.))
You have supernaturally acute eyesight. (SInv)
((You cover ground quickly. (Speed+)))
((Your thick and shaggy fur keeps you warm. (AC +3, rC+)))
((Your paws help you pounce on unaware monsters.))
You are incapable of wielding weapons or throwing items.
You cannot wear armour.
You gain extra lives every three experience levels.
((You have a pair of small antennae on your head.))
((You are mostly covered in iridescent scales. (AC +4)))
You are frail. (-10% HP)
You have hidden genetic potential.
((You are vulnerable to cold. (rC-)))
Your spells are a little easier to cast, but a little less powerful.


Message History

* * * LOW HITPOINT WARNING * * *
The damnation engulfs the hellion.
The hellion completely resists.
Unknown command.
You hit the hellion but do no damage.
You tail-slap the hellion, but do no damage.
You claw the hellion!
The hellion is moderately wounded.
You block the hellion's attack.
Unknown command.
You claw the hellion! You tail-slap the hellion! You bite the hellion.
The hellion is almost dead.
Unknown command.
You maul the hellion!!!
You kill the hellion!
Unknown command.
Aiming: Dig
Press: ? - help, Shift-Dir - straight line A rock wall.
This square is covered in magical glow.
The rock shatters into small pieces.
A blizzard demon comes into view.
(D) Dungeon (T) Temple (L) Lair (A) Shoals (P) Snake Pit (M) Slime Pits (O) Orcish Mines (E) Elven Halls (V) Vaults (C) Crypt (U) Depths (H) Hell (Z) Zot
Where to? (Enter - D:1 @ (x,y), ? - help)
Okay, then.
The blizzard demon gestures at you. The bolt of lightning misses you.
You feel better.
You feel better.
Your transformation has ended.
You feel better.
You feel better.
Okay, then.
You feel better.
Casting: Lesser Beckoning (safe; 1% risk of failure)
Confirm with . or Enter, or press ? or * to list all spells.
You can't see any susceptible monsters within range! (Use Z to cast anyway.) Unknown command.
Casting: Lesser Beckoning (safe; 1% risk of failure)
Confirm with . or Enter, or press ? or * to list all spells.
You turn into a fearsome dragon!
The blizzard demon waves its arms in wide circles.
The air twists around and strikes you!!
You hit the blizzard demon. You claw the blizzard demon!
The blizzard demon is moderately wounded.
You block the blizzard demon's attack.
The blizzard demon hits you but does no damage.
You maul the blizzard demon!!!
You tail-slap the blizzard demon, but do no damage.
Your claw misses the blizzard demon.
You bite the blizzard demon, but do no damage.
The blizzard demon is severely wounded.
You hear a hideous shriek!
You maul the blizzard demon!!!
You kill the blizzard demon!
A hellion comes into view.
The hellion gestures at you.
The sphere of damnation explodes!
The damnation engulfs you!!!
* * * LOW HITPOINT WARNING * * *
The hellion gestures at you.
The sphere of damnation explodes!
The damnation engulfs you!!
You die...
Your shape twists and changes as you die.
The damnation engulfs the hellion.
The hellion completely resists.
You are now level 24!
Your transformation has ended.
You rejoin the land of the living...
A ynoxinul comes into view.
A ynoxinul is nearby!
Casting: Dragon Form (dangerous; 2% risk of failure)
Confirm with . or Enter, or press ? or * to list all spells.
You can't see any susceptible monsters within range! (Use Z to cast anyway.)
The ynoxinul gestures.
You enter the shallow water.
Moving in this stuff is going to be slow.
There is a staircase leading out of the dungeon here.
You are a level 24 Felid Ice Elementalist.
You are 74% of the way to level 25.
You'll get an extra life in 1.26 levels' worth of XP.
Play time: 02:36:17 (87245 turns).
You are forever immune to Zot's power.
Unknown command.
Enter note:
Casting: Dragon Form (dangerous; 2% risk of failure)
Confirm with . or Enter, or press ? or * to list all spells.
You turn into a fearsome dragon!
You block the ufetubus's attack. The ufetubus barely misses you.
The ufetubus misses you. x2
Enter note: gg What are your orders? t - Roar!
Orders for allies: a - Attack new target. r - Retreat! s - Stop attacking. g - Guard the area. f - Follow me.
Anything else - Cancel.
You roar for attention!
You block the ufetubus's attack. The ufetubus misses you.
The ufetubus completely misses you. You block the ufetubus's attack.
The ufetubus completely misses you. The ufetubus misses you.
You have escaped!

##.####################..........
##.#.†..###### #.).##.######.####
##.####..#.#.###.###....####.....
...#.###..#...........~....####..
...#.#....##..~~~.....~~~...# #..
.....##......~≈~~.~....~~~..# #..
...#..#..X~..~≈≈.~~~~......## #..
...##.##..~≈~~~...≈~≈~....## #..
##.###.##..~≈~..D5.≈≈~..#######..
##.2......~~≈~~.55≈~≈~≈..#....#..
##†##..#...≈≈≈≈~.~~≈~~...##.5....
...####......~≈.~~~~...###..###..
####.####......~~≈....3.#..## ###
# #.....#..##............## #
#.)##....#########....## ##### #
##.####### ###.#####..# #.... #
########## #...##########....


You could see an Orb Guardian, a ynoxinul and 3 ufetubi.

Vanquished Creatures
  Tiamat (Zot:3)
  6 orbs of fire
  A dread lich (Zot:5)
  An ancient lich (Zot:5)
  2 juggernauts
  5 Killer Klowns (Zot:5)
  Bai Suzhen (Snake:4)
  Vashnia (Snake:4)
  7 curse toes
  Geryon (Hell)
  Nikola (Shoals:1)
  15 golden dragons
  A bone dragon (Zot:4)
  2 electric golems
  A walking crystal tome (Depths:3)
  A walking divine tome (WizLab)
  5 walking earthen tomes
  14 tentacled monstrosities
  4 liches
  5 quicksilver dragons
  A deep elf blademaster (Elf:3)
  20 Orb Guardians
  2 walking frostbound tomes (Depths:3)
  3 deep elf master archers (Elf:3)
  4 tentacled starspawn (Abyss:3)
  4 death cobs
  9 sphinxes
  A tengu reaver (Depths:1)
  Donald (Elf:1)
  The ghost of CoolSool the Fencer, an adept DsGl of Qazlal (Snake:3)
  13 storm dragons
  Roxanne (D:14)
  10 draconian monks
  Ilsuiw (Shoals:3)
  4 nagarajas (Snake:4)
  3 draconian knights
  10 shadow dragons
  11 deep elf sorcerers
  A balrug (Depths:2)
  20 fire giants
  11 frost giants
  15 vault wardens
  Louise (Elf:3)
  2 iron dragons (Depths:2)
  Aizul (Snake:4)
  The ghost of shadizar the Fighter, an adept GrFi of Okawaru (Shoals:1)
  2 orc warlords
  5 draconian scorchers
  7 spriggan defenders
  2 ghost moths
  A ghoul (Vaults:3)
  4 deep elf elementalists (Elf:3)
  2 angels
  8 draconian annihilators
  A cacodemon (Depths:4)
  3 draconian shifters
  A curse skull (Vaults:3)
  2 war gargoyles
  17 ironbound preservers
  12 green draconians
  A reaper (IceCv)
  10 stone giants
  2 ophanim (Abyss:3)
  21 very ugly things
  A putrid mouth (Hell)
  6 deep elf demonologists
  8 dire elephants
  7 vampire knights
  10 black draconians
  6 ironbound thunderhulks
  16 purple draconians
  10 white draconians
  A lorocyproca (Depths:3)
  8 red draconians
  16 deep elf annihilators
  6 yellow draconians
  2 minotaurs
  2 spark wasps (Depths:3)
  A blizzard demon (D:1)
  16 ettins
  2 deep elf death magi (Elf:3)
  8 fire dragons
  An eidolon (Vaults:3)
  7 great orbs of eyes
  3 crystal guardians (Vaults:4)
  6 merfolk impalers
  4 vault guards
  Josephine (Shoals:1)
  3 entropy weavers
  3 merfolk javelineers
  6 deep elf high priests
  2 salamander tyrants (Snake:4)
  8 yaktaur captains
  2 hydras
  5 spriggan air magi
  13 rakshasas
  2 merfolk avatars
  14 ice dragons
  2 ogre magi
  8 boulder beetles
  12 ironbound frosthearts
  3 peacekeepers
  2 demonspawn (Orc:2)
  An alligator (shapeshifter) (Lair:5)
  Erica (D:9)
  A merfolk aquamancer (Shoals:2)
  9 anacondas
  2 catoblepae
  34 dancing weapons
  16 centaur warriors
  3 death yaks (Lair:5)
  2 deep troll earth magi
  4 alligator snapping turtles
  6 tengu warriors
  10 satyrs
  5 two-headed ogres
  7 deep troll shamans
  A two-headed ogre (shapeshifter) (D:14)
  A hell hog (Depths:4)
  16 naga warriors
  A vampire mage (Depths:2)
  8 thrashing horrors
  3 shock serpents
  A shock serpent (shapeshifter) (Lair:5)
  Urug (Lair:2)
  20 naga sharpshooters
  3 soul eaters
  8 spriggan berserkers
  12 deep elf knights
  4 sun demons
  2 wretched stars
  5 orc high priests (Orc:2)
  16 hell knights
  8 salamander mystics
  4 skysharks
  5 iron trolls
  A cherub (Abyss:3)
  38 deep trolls
  9 sea snakes
  A spriggan simulacrum (IceCv)
  A golden dragon skeleton (Depths:1)
  11 deep elf archers
  A shadow demon (IceCv)
  4 glowing orange brains
  8 naga ritualists
  A flayed ghost (Depths:2)
  25 ironbound convokers
  40 deep elf pyromancers
  7 necromancers
  3 obsidian statues
  11 wizards
  An anaconda skeleton (Hell)
  2 phantasmal warriors (Depths:3)
  A shadow dragon skeleton (Depths:1)
  11 lindwurms
  28 deep elf zephyrmancers
  5 harpies (Shoals:4)
  A shadow dragon zombie (Depths:1)
  10 orc sorcerers
  12 orc knights
  A wolf spider zombie (D:15)
  A glowing shapeshifter (Depths:3)
  48 ugly things
  18 mana vipers
  17 manticores
  2 salamanders (shapeshifter)
  5 fauns (Shoals:4)
  21 moths of wrath
  19 salamanders
  7 cyclopes
  9 merfolk sirens
  An iron dragon skeleton (Depths:1)
  37 black mambas
  9 guardian serpents
  4 rust devils
  23 vault sentinels
  26 elephants
  2 ice statues (D:15)
  A centaur zombie (D:15)
  25 naga magi
  3 smoke demons
  2 gargoyles
  12 cane toads
  A torpor snail (Lair:2)
  3 apocalypse crabs
  A torpor snail (shapeshifter) (Depths:2)
  An orange demon (Orc:2)
  2 hellions
  A komodo dragon (shapeshifter) (D:13)
  A minotaur zombie (Gauntlet)
  2 unseen horrors (D:11)
  26 yaktaurs
  A bunyip simulacrum (Abyss:3)
  3 efreet
  An ice devil (Hell)
  3 rime drakes
  5 komodo dragons
  5 freezing wraiths
  4 kobold demonologists
  8 ancient zymes
  4 tengu conjurers
  A red devil (Orc:2)
  A queen bee (Gauntlet)
  A meliai (shapeshifter) (D:15)
  4 trolls
  5 hornets
  4 wind drakes
  A polar bear (Lair:2)
  A dream sheep (shapeshifter) (Gauntlet)
  Prince Ribbit (D:7)
  21 blink frogs
  A harpy skeleton (D:15)
  19 merfolk
  14 dream sheep
  10 snapping turtles
  A slime creature (shapeshifter) (Vaults:1)
  A frost giant simulacrum (Depths:1)
  A flying skull (Abyss:2)
  A centaur simulacrum (D:14)
  16 water elementals
  5 spriggans
  An air elemental (Elf:1)
  35 slime creatures
  4 vampires
  7 wraiths
  A shadow (D:12)
  40 yaks
  14 basilisks
  4 wyverns
  4 fire elementals
  2 ynoxinuls
  13 starcursed masses (Abyss:3)
  Eustachio (D:4)
  A golden eye (shapeshifter) (Depths:2)
  A human (D:12)
  3 minotaur simulacra (IceCv)
  A steam dragon (D:8)
  2 redbacks (shapeshifter)
  6 chaos spawn
  2 neqoxecs
  5 wargs
  7 large abominations
  A harpy simulacrum (IceCv)
  16 vampire mosquitoes
  12 small abominations
  Grum (D:10)
  2 human zombies (Depths:1)
  52 nagas
  2 acid dragons
  3 floating eyes
  4 hell hounds (Abyss:3)
  12 water moccasins
  Duvessa (D:6)
  A sky beast (Abyss:3)
  2 black bears
  30 orc warriors
  An alligator simulacrum (IceCv)
  8 ogres
  5 boggarts (Vaults:1)
  15 centaurs
  19 wolves
  A phantom (D:5)
  Blork the orc (D:4)
  18 bullfrogs
  6 earth elementals
  A gnoll sergeant (D:9)
  6 kobold brigands
  2 scorpions
  A wight (D:8)
  A lindwurm simulacrum (IceCv)
  23 killer bees
  2 howler monkeys
  4 jellies
  25 orc priests
  A gnoll bouda (D:10)
  6 hounds
  3 sleepcaps
  2 iguanas
  13 orc wizards
  9 adders
  10 gnolls
  2 ufetubi
  3 dart slugs
  80 orcs
  8 endoplasms
  5 giant cockroaches
  3 hobgoblins
  5 quokkas
  12 ball pythons
  11 bats
  5 frilled lizards
  9 goblins
  16 kobolds
  2 orc zombies (D:6)
  5 rats
  2 starspawn tentacles (Abyss:3)
2130 creatures vanquished.

Vanquished Creatures (collateral kills)
  Rupert (D:13)
  A quicksilver dragon (Zot:2)
  A titan (Zot:1)
  Murray (Hell)
  A draconian knight (Zot:4)
  A draconian monk (Zot:4)
  2 frost giants (Zot:1)
  A fire giant (Depths:3)
  3 draconian scorchers
  5 draconian shifters
  2 stone giants
  2 very ugly things (Depths:4)
  5 draconian stormcallers
  10 draconian annihilators
  A deep elf annihilator (Elf:3)
  6 purple draconians
  5 black draconians (Zot:4)
  3 green draconians
  6 red draconians
  8 white draconians
  3 yellow draconians
  3 ettins (Zot:1)
  A blizzard demon (Hell)
  A merfolk impaler (Shoals:2)
  A hydra (Lair:1)
  A spriggan air mage (Depths:2)
  3 two-headed ogres (Zot:1)
  2 deep troll earth magi (Depths:3)
  A deep troll shaman (Depths:4)
  3 hell knights (Hell)
  A spriggan berserker (Depths:4)
  2 iron trolls (Zot:1)
  A skyshark (Shoals:2)
  A cherub (Abyss:3)
  4 deep trolls
  A necromancer (Hell)
  8 moths of wrath
  An elephant (Lair:1)
  2 rust devils (Hell)
  A molten gargoyle (Hell)
  A cane toad (Lair:1)
  2 freezing wraiths
  A komodo dragon (Lair:3)
  A red devil (Hell)
  3 trolls (Zot:1)
  3 merfolk (Shoals:2)
  A vampire (D:11)
  2 yaks (Lair:3)
  3 ice beasts
  An ogre (Zot:1)
  2 phantoms
  2 wights (D:7)
  Dowan (D:6)
  2 jellies (D:5)
  A sleepcap (D:5)
  An orc wizard (D:7)
  A mummy (D:6)
  2 adders (D:6)
  A shadow imp (D:8)
  3 orcs (D:6)
  A kobold (D:11)
  A kobold zombie (D:6)
  An orc zombie (D:6)
143 creatures vanquished.

Vanquished Creatures (others)
  A death cob (Zot:5)
  A draconian monk (Zot:1)
  A fire giant (Zot:1)
  4 draconian knights
  A frost giant (Depths:2)
  2 draconian annihilators (Zot:2)
  A draconian stormcaller (Zot:2)
  A stone giant (Zot:1)
  A very ugly thing (Depths:4)
  4 yellow draconians
  3 red draconians
  2 purple draconians (Zot:5)
  An ettin (Zot:1)
  A fire dragon (Depths:4)
  An ice dragon (Zot:2)
  2 deep troll earth magi
  A deep troll shaman (Depths:3)
  A tengu warrior (Depths:2)
  A hell knight (Vaults:3)
  An iron troll (Depths:3)
  A deep troll (Depths:3)
  A death drake (Depths:4)
  A necromancer (Depths:1)
  A deep elf zephyrmancer (Elf:3)
  A deep elf pyromancer (D:14)
  A wizard (Vaults:1)
  An ugly thing (Depths:2)
  A moth of wrath (Zot:3)
  A water nymph (Shoals:1)
  A rust devil (Hell)
  A tengu conjurer (Depths:2)
  A troll (Zot:1)
  2 dream sheep (Shoals:1)
  A vampire mosquito (D:13)
  An ogre (Zot:1)
  3 bushes
  78 fungi
  109 plants
  5 starspawn tentacles (Abyss:3)
  27 withered plants
269 creatures vanquished.

Grand Total: 2542 creatures vanquished

Notes
Turn   | Place    | Note
-------+----------+-------------------------------------------
     0 | D:1      | Flugkiller the Felid Ice Elementalist began the quest for
                  | the Orb.
     0 | D:1      | Reached XP level 1. HP: 7/7 MP: 4/4
   340 | D:1      | Reached XP level 2. HP: 11/12 MP: 0/6
   452 | D:1      | Reached skill level 1 in Fighting
  1361 | D:1      | Reached XP level 3. HP: 15/15 MP: 5/7
  1365 | D:1      | Learned a level 3 spell: Frozen Ramparts
  2130 | D:3      | Reached skill level 5 in Ice Magic
  2130 | D:3      | Reached XP level 4. HP: 16/19 MP: 4/8
  2559 | D:3      | Found a runed translucent gate.
  2560 | D:3      | Found a runed translucent gate.
  2570 | D:3      | Found a runed translucent gate.
  2601 | D:3      | Noticed rigao's ghost (weakling GrAr)
  2753 | D:3      | Reached XP level 5. HP: 22/22 MP: 7/9
  2998 | D:4      | Noticed a centaur
  3109 | D:4      | Noticed a phantom
  3176 | D:4      | Killed a centaur
  3178 | D:4      | Gained mutation: You are covered in thick fur. (AC +2)
                  | [Felid growth]
  3178 | D:4      | Reached XP level 6. HP: 22/26 MP: 3/11
  3272 | D:4      | Noticed Blork the orc
  3276 | D:4      | Killed Blork the orc
  3291 | D:4      | Noticed Eustachio
  3393 | D:4      | Learned a level 3 spell: Ozocubu's Armour
  3398 | D:4      | Learned a level 4 spell: Summon Ice Beast
  3760 | D:4      | Killed Eustachio
  3761 | D:4      | Reached skill level 1 in Summonings
  3836 | D:4      | Reached XP level 7. HP: 30/30 MP: 10/13
  3968 | D:4      | You fall into a shaft and drop 2 floors!
  4079 | D:6      | Identified the +0 hand axe "Arcanum" {vamp, rF- Int+2
                  | Stlth+}
  4088 | D:5      | Entered Level 5 of the Dungeon
  4870 | D:5      | Reached XP level 8. HP: 33/33 MP: 8/15
  5021 | D:5      | Reached skill level 1 in Evocations
  5691 | D:6      | Noticed Dowan
  5694 | D:6      | Noticed Duvessa
  6320 | D:6      | Killed Duvessa
  6324 | D:6      | Killed Dowan
  6325 | D:6      | Reached skill level 5 in Spellcasting
  6489 | D:7      | Noticed a hornet
  6575 | D:7      | Reached skill level 5 in Dodging
  6640 | D:7      | Killed a hornet
  6641 | D:7      | Reached XP level 9. HP: 38/38 MP: 3/17
  6973 | D:7      | Reached skill level 5 in Summonings
  7148 | D:7      | Noticed Prince Ribbit
  7158 | D:7      | Found a shimmering altar of Xom.
  7166 | D:7      | Killed Prince Ribbit
  7322 | D:7      | Reached skill level 5 in Evocations
  7367 | D:7      | Found a staircase to the Ecumenical Temple.
  7376 | Temple   | Entered the Ecumenical Temple
  7558 | Temple   | Became a worshipper of Nemelex Xobeh the Trickster
  7817 | D:8      | Found Rongaeri's Antique Weapon Boutique.
  7820 | D:8      | Found Denawk's Assorted Antiques.
  8425 | D:8      | Bought a fizzy cyan potion for 25 gold pieces
  8425 | D:8      | Bought a scroll labelled UCOERUCIFF for 28 gold pieces
  8425 | D:8      | Bought a scroll labelled ESTYUPPIPE for 28 gold pieces
  8425 | D:8      | Bought a twisted silver wand for 112 gold pieces
  8446 | D:8      | Found Plog's Weapon Shop.
  8540 | D:8      | Found Mecoucsu's Jewellery Shop.
  8699 | D:8      | Found Tanos's Armour Shop.
  8836 | D:8      | Noticed a two-headed ogre
  8885 | D:8      | Noticed a cyclops
  9000 | D:8      | Reached XP level 10. HP: 33/42 MP: 14/18
  9296 | D:9      | Reached skill level 1 in Invocations
  9372 | D:9      | Noticed Erica
  9385 | D:9      | Killed Erica
  9525 | D:9      | Noticed a cyclops
  9713 | D:10     | Entered Level 10 of the Dungeon
  9768 | D:10     | Reached * piety under Nemelex Xobeh
  9904 | D:10     | Received a gift from Nemelex Xobeh
  9951 | D:10     | Noticed Grum
  9953 | D:10     | Reached skill level 5 in Fighting
  9970 | D:10     | Killed Grum
 10566 | D:10     | Found a staircase to the Lair.
 10617 | D:11     | Noticed a two-headed ogre
 10624 | D:11     | Noticed a gargoyle
 10645 | D:11     | Killed a two-headed ogre
 10646 | D:11     | Reached XP level 11. HP: 47/50 MP: 0/19
 10767 | D:11     | Reached ** piety under Nemelex Xobeh
 10813 | D:11     | Found a gate leading to a gauntlet.
 10819 | Gauntlet | Entered a Gauntlet
 10819 | Gauntlet | Found a transporter.
 10828 | Gauntlet | Noticed a soul eater
 10829 | Gauntlet | Found a transporter.
 10844 | Gauntlet | Found a transporter.
 10846 | Gauntlet | Noticed a bunyip
 10847 | Gauntlet | a bunyip changed into a goliath frog
 10847 | Gauntlet | Noticed a goliath frog (glowing shapeshifter)
 10849 | Gauntlet | Found a transporter.
 10849 | Gauntlet | Noticed a wretched star
 10852 | Gauntlet | a goliath frog changed into an ice dragon
 10852 | Gauntlet | Noticed an ice dragon (glowing shapeshifter)
 10855 | Gauntlet | an ice dragon changed into a boulder beetle
 10855 | Gauntlet | Noticed a boulder beetle (glowing shapeshifter)
 10864 | Gauntlet | Found a transporter.
 10883 | Gauntlet | Found a transporter.
 10893 | Gauntlet | Noticed a sixfirhy
 10895 | Gauntlet | Found a transporter.
 10895 | Gauntlet | Noticed a sixfirhy
 10895 | Gauntlet | Noticed a sixfirhy
 10913 | Gauntlet | Found a transporter.
 10919 | Gauntlet | Found a transporter.
 10928 | Gauntlet | Found a transporter.
 10940 | Gauntlet | Found a transporter.
 10942 | Gauntlet | Noticed a balrug
 10957 | Gauntlet | Found a transporter.
 10975 | Gauntlet | Found a transporter.
 10977 | Gauntlet | Found a transporter.
 11005 | Gauntlet | Found a transporter.
 11025 | Gauntlet | Found a transporter.
 11083 | Gauntlet | Noticed a mana viper
 11085 | Gauntlet | Noticed a jorogumo
 11085 | Gauntlet | a jorogumo changed into a ghost moth
 11085 | Gauntlet | Noticed a ghost moth (glowing shapeshifter)
 11087 | Gauntlet | a ghost moth changed into a great orb of eyes
 11087 | Gauntlet | Noticed a great orb of eyes (glowing shapeshifter)
 11092 | Gauntlet | a great orb of eyes changed into a goliath frog
 11092 | Gauntlet | Noticed a goliath frog (glowing shapeshifter)
 11102 | Gauntlet | a goliath frog changed into a ghost moth
 11102 | Gauntlet | Noticed a ghost moth (glowing shapeshifter)
 11132 | Gauntlet | Noticed a five-headed hydra
 11137 | Gauntlet | Found a transporter.
 11219 | Gauntlet | Found a transporter.
 11227 | Gauntlet | Reached skill level 5 in Invocations
 11451 | Gauntlet | Noticed a minotaur
 11469 | Gauntlet | Killed a minotaur
 11942 | D:11     | Identified the -2 quarterstaff "Opniezxi" {holy, Drain
                  | Int+5}
 12247 | D:11     | Noticed a cyan ugly thing
 12255 | D:11     | Killed a cyan ugly thing
 12256 | D:11     | Reached skill level 10 in Dodging
 12378 | Lair:1   | Entered Level 1 of the Lair of Beasts
 12782 | Lair:1   | Gained mutation: Your thick and shaggy fur keeps you warm.
                  | (AC +3, rC+) [Felid growth]
 12782 | Lair:1   | Reached XP level 12. HP: 46/56 MP: 18/22
 12813 | Lair:1   | Received a gift from Nemelex Xobeh
 12920 | Lair:1   | Noticed a five-headed hydra
 12930 | Lair:1   | Killed a five-headed hydra
 13178 | Lair:1   | Reached *** piety under Nemelex Xobeh
 13182 | Lair:1   | You fall into a shaft and drop 1 floor!
 13185 | Lair:2   | Found a transporter.
 13196 | Lair:1   | Received a gift from Nemelex Xobeh
 13697 | Lair:2   | Received a gift from Nemelex Xobeh
 13752 | Lair:2   | Noticed Dirtsage's ghost (journeyman DsBe)
 13870 | Lair:2   | Noticed a five-headed hydra
 13876 | Lair:2   | Noticed a seven-headed hydra
 13887 | Lair:2   | Killed a seven-headed hydra
 13888 | Lair:2   | Reached skill level 10 in Fighting
 13888 | Lair:2   | Reached skill level 10 in Invocations
 13900 | Lair:2   | Learned a level 4 spell: Cause Fear
 13949 | Lair:2   | Noticed Urug
 13970 | Lair:2   | Killed Urug
 13971 | Lair:2   | Reached skill level 3 in Hexes
 14119 | Lair:2   | Reached skill level 4 in Hexes
 14275 | Lair:2   | Reached skill level 5 in Hexes
 14276 | Lair:2   | Noticed Sonja
 14277 | Lair:2   | Sonja changed into Sonja the hound
 14277 | Lair:2   | Noticed Sonja
 14281 | Lair:2   | Killed Sonja the hound
 14347 | Lair:2   | Reached skill level 6 in Hexes
 14378 | Lair:2   | Reached **** piety under Nemelex Xobeh
 14387 | Lair:2   | Found a transporter.
 14411 | Lair:2   | Found a snail-covered altar of Cheibriados.
 14486 | Lair:2   | Found a staircase to the Snake Pit.
 14496 | Lair:2   | Reached skill level 7 in Hexes
 14500 | Lair:2   | Reached skill level 8 in Hexes
 14780 | Lair:3   | Reached skill level 9 in Hexes
 14897 | Lair:3   | Reached skill level 10 in Hexes
 14897 | Lair:3   | Reached skill level 1 in Transmutations
 15843 | Lair:3   | Found a staircase to the Shoals.
 15874 | Lair:3   | Reached skill level 5 in Transmutations
 15874 | Lair:3   | Reached XP level 13. HP: 44/61 MP: 15/24
 15926 | Lair:3   | Learned a level 5 spell: Yara's Violent Unravelling
 16203 | Lair:4   | Received a gift from Nemelex Xobeh
 17143 | Lair:4   | Received a gift from Nemelex Xobeh
 17148 | Lair:4   | Reached ***** piety under Nemelex Xobeh
 17609 | Lair:4   | Reached skill level 10 in Transmutations
 17884 | Lair:5   | Entered Level 5 of the Lair of Beasts
 17985 | Lair:5   | Found a runed translucent door.
 18000 | Lair:5   | Found a shimmering altar of Xom.
 18000 | Lair:5   | Noticed ma3's ghost (journeyman OgWr)
 19420 | Lair:5   | Reached XP level 14. HP: 66/66 MP: 22/27
 19428 | Lair:5   | Found the +18 shield of the Gong {Loud rN+ Will+ rCorr
                  | EV-5}
 19705 | Lair:5   | Received a gift from Nemelex Xobeh
 20258 | Lair:5   | Learned a level 7 spell: Dragon Form
 20306 | Lair:5   | Found a staircase to the Slime Pits.
 20354 | Lair:5   | HP: 3/66 [large abomination (8)]
 20355 | Lair:5   | Slain by a black mamba
 20356 | Lair:5   | Reached XP level 13. HP: 0/61 MP: 22/26
 20819 | Lair:4   | Gained mutation: You are clumsy. (Dex -2) [mutagenic glow]
 21240 | Lair:5   | Reached skill level 1 in Unarmed Combat
 21276 | Lair:5   | Found the ring of the Hare {EV+10}
 21296 | Lair:5   | an iron troll changed into a dire elephant
 21296 | Lair:5   | Noticed a dire elephant (shapeshifter)
 22226 | Lair:5   | Found a corrupted altar of Lugonu.
 22226 | Lair:5   | Found a one-way gate to the infinite horrors of the Abyss.
 22936 | D:12     | Found a staircase to the Orcish Mines.
 23114 | D:12     | Received a gift from Nemelex Xobeh
 24021 | D:13     | Noticed Rupert
 24026 | D:13     | Reached skill level 5 in Unarmed Combat
 24037 | D:13     | HP: 4/91 [centaur/arrow[a centaur warrior] (4)]
 24143 | D:13     | Killed Rupert
 24271 | D:13     | Reached XP level 14. HP: 66/66 MP: 19/27
 24855 | D:13     | Noticed an ironbound preserver
 24860 | D:13     | Killed an ironbound preserver
 25093 | D:13     | Found a gate to the Vaults.
 25652 | D:14     | Reached skill level 15 in Transmutations
 25661 | D:14     | Received a gift from Nemelex Xobeh
 25747 | D:14     | Identified the +11 dagger of Filo {freeze, Int+5}
 25790 | D:14     | Noticed Roxanne
 26755 | D:14     | Learned a level 5 spell: Irradiate
 26783 | D:14     | Killed Roxanne
 26891 | D:15     | Entered Level 15 of the Dungeon
 26994 | D:15     | Reached skill level 10 in Spellcasting
 27001 | D:15     | Found a frozen archway.
 27278 | IceCv    | Entered an ice cave
 27278 | IceCv    | Received a gift from Nemelex Xobeh
 27498 | IceCv    | Reached skill level 10 in Unarmed Combat
 27582 | IceCv    | Noticed a reaper
 27582 | IceCv    | Noticed a reaper
 27608 | IceCv    | a reaper changed into a shadow demon
 27619 | IceCv    | Killed a reaper
 27620 | IceCv    | Reached XP level 15. HP: 69/69 MP: 26/30
 28063 | D:15     | Received a gift from Nemelex Xobeh
 28089 | D:15     | Reached ****** piety under Nemelex Xobeh
 28164 | D:15     | Found an opulent altar of Gozag.
 28241 | D:15     | Found a staircase to the Depths.
 28360 | Orc:1    | Entered Level 1 of the Orcish Mines
 28648 | Orc:2    | Entered Level 2 of the Orcish Mines
 28763 | Orc:2    | Found Acziopuph's Magic Scroll Boutique.
 28764 | Orc:2    | Found Giecigak's General Store.
 29135 | Orc:2    | Received a gift from Nemelex Xobeh
 29229 | Orc:2    | Found a staircase to the Elven Halls.
 29237 | Orc:2    | Found Surusuk's Assorted Antiques.
 29802 | Orc:2    | Found Baxkyggy's Book Shoppe.
 29802 | Orc:2    | Found a one-way gate leading to the halls of Pandemonium.
 29802 | Orc:2    | Found Ata Lich's Antique Weapon Emporium.
 29812 | Orc:2    | Found Ata Lich's Antique Weapon Emporium.
 29842 | Orc:2    | Found Giecigak's General Store.
 29852 | Orc:2    | Found Acziopuph's Magic Scroll Boutique.
 29989 | Orc:2    | Found a staircase to the Elven Halls.
 29998 | Orc:2    | Found Surusuk's Assorted Antiques.
 30254 | Orc:2    | Bought a scroll of blinking for 112 gold pieces
 30254 | Orc:2    | Bought a scroll of blinking for 112 gold pieces
 30256 | Orc:2    | Bought a scroll of blinking for 112 gold pieces
 30257 | Orc:2    | Upgraded the game from 0.30-a0-924-g0ad0bf95bc to
                  | 0.30-a0-930-gb9d0489357
 30425 | Snake:1  | Entered Level 1 of the Snake Pit
 31038 | Snake:1  | Received a gift from Nemelex Xobeh
 31929 | Snake:2  | Reached XP level 16. HP: 76/76 MP: 31/31
 32295 | Snake:2  | Found Acim's Assorted Antiques.
 32295 | Snake:2  | Found Cioja's Antique Weapon Shop.
 32303 | Snake:2  | Bought a potion of heal wounds for 160 gold pieces
 32502 | Snake:2  | Received a gift from Nemelex Xobeh
 32536 | Snake:2  | Found Nonikh's Distillery.
 34473 | Snake:2  | Learned a level 6 spell: Statue Form
 34531 | Snake:3  | Found a runed translucent door.
 34531 | Snake:3  | Noticed CoolSool's ghost (adept DsGl)
 34544 | Snake:3  | Killed CoolSool's ghost
 34545 | Snake:3  | Reached skill level 1 in Earth Magic
 35219 | Snake:2  | Bought a potion of heal wounds for 95 gold pieces
 35219 | Snake:2  | Bought a potion of heal wounds for 95 gold pieces
 35471 | Snake:3  | Found Etogisann's Distillery.
 35476 | Snake:3  | Found Ranasel's Antique Armour Shop.
 35479 | Snake:3  | Bought a potion of heal wounds for 80 gold pieces
 35551 | Snake:4  | Entered Level 4 of the Snake Pit
 35560 | Snake:4  | Noticed Bai Suzhen
 35580 | Snake:4  | Killed Bai Suzhen
 35581 | Snake:4  | Reached skill level 5 in Earth Magic
 36067 | Snake:4  | Found a runed translucent door.
 36067 | Snake:4  | Noticed Flippered's ghost (adept DrIE)
 36425 | Snake:4  | Reached XP level 17. HP: 81/81 MP: 32/32
 36869 | Snake:4  | Received a gift from Nemelex Xobeh
 36887 | Snake:4  | HP: 4/121 [naga sharpshooter/arrow (17)]
 37334 | Snake:4  | Noticed Aizul
 37344 | Snake:4  | Killed Aizul
 37632 | Snake:4  | Received a gift from Nemelex Xobeh
 38353 | Snake:4  | Noticed Vashnia
 38373 | Snake:4  | Killed Vashnia
 38449 | Snake:4  | Got a serpentine rune of Zot
 38929 | Shoals:1 | Entered Level 1 of the Shoals
 38929 | Shoals:1 | Noticed Nikola
 39326 | Shoals:1 | Killed Nikola
 39340 | Shoals:1 | Received a gift from Nemelex Xobeh
 39369 | Shoals:1 | Found Faur's Magic Scroll Shoppe.
 39372 | Shoals:1 | You fall into a shaft and drop 1 floor!
 39548 | Shoals:1 | Received a gift from Nemelex Xobeh
 39596 | Shoals:1 | Bought a scroll of blinking for 135 gold pieces
 39618 | Shoals:1 | Found Gokleh's Goods Gallery.
 39667 | Shoals:1 | Found a runed translucent gate.
 39667 | Shoals:1 | Found a runed translucent gate.
 39667 | Shoals:1 | Found a runed translucent gate.
 39667 | Shoals:1 | Noticed emiel's ghost (journeyman DsBe)
 39668 | Shoals:1 | Noticed shadizar's ghost (adept GrFi)
 39682 | Shoals:1 | Noticed Josephine
 39692 | Shoals:1 | Killed Josephine
 40040 | Shoals:1 | Identified the +2 scale mail "Lesao" {Int+5}
 40342 | Shoals:1 | Killed shadizar's ghost
 41242 | Shoals:3 | Received a gift from Nemelex Xobeh
 41326 | Shoals:3 | Noticed Ilsuiw
 41727 | Shoals:3 | Gained mutation: You are dopey. (Int -2) [mutagenic glow]
 41731 | Shoals:3 | Killed Ilsuiw
 41991 | Shoals:3 | Received a gift from Nemelex Xobeh
 42229 | Shoals:4 | Entered Level 4 of the Shoals
 42416 | Shoals:3 | Reached skill level 15 in Invocations
 42416 | Shoals:3 | Reached XP level 18. HP: 87/87 MP: 29/33
 44040 | Shoals:4 | Identified the +6 falchion of Eternal War {heavy, Str+3}
 44480 | Shoals:4 | Got a barnacled rune of Zot
 44784 | Elf:1    | Entered Level 1 of the Elven Halls
 44806 | Elf:1    | Received a gift from Nemelex Xobeh
 44826 | Elf:1    | Noticed Donald
 44843 | Elf:1    | Killed Donald
 45163 | Elf:1    | Found a shimmering blue altar of Sif Muna.
 45910 | Elf:1    | Received a gift from Nemelex Xobeh
 45939 | Elf:1    | Reached skill level 15 in Unarmed Combat
 45949 | Elf:1    | Reached skill level 15 in Fighting
 46349 | Elf:2    | Reached XP level 19. HP: 28/93 MP: 34/34
 46999 | Elf:2    | Found a huge runed translucent gate.
 46999 | Elf:2    | Found a huge runed translucent gate.
 46999 | Elf:2    | Found a huge runed translucent gate.
 46999 | Elf:2    | Found a huge runed translucent gate.
 47002 | Elf:2    | Found a huge runed translucent gate.
 47057 | Elf:2    | Received a gift from Nemelex Xobeh
 47331 | Elf:3    | Entered Level 3 of the Elven Halls
 47412 | Elf:3    | Identified the +8 tower shield "Vefaz" {rPois Regen+ Int+3}
 47412 | Elf:3    | Noticed Louise
 47422 | Elf:3    | Killed Louise
 47556 | Elf:3    | Found the +0 staff of Battle
 48088 | Elf:3    | Received a gift from Nemelex Xobeh
 48157 | Elf:3    | Gained mutation: You possess an exceptional clarity of
                  | mind. [mutagenic glow]
 48164 | Elf:3    | Gained mutation: You are weak. (Str -2) [mutagenic glow]
 48945 | Elf:3    | Identified the ring "Ymodouwa" {rCorr MP+9}
 49432 | Elf:3    | Identified the +5 rapier "Foidghya" {flame, rF+}
 50082 | Elf:3    | HP: 4/142 [something/bolt of lightning (38)]
 50515 | Elf:3    | Identified the +0 quarterstaff of Righteous Fury {drain,
                  | *Corrode Int+3 Dex+2}
 50525 | Elf:3    | Identified the ring "Yllueraghe" {rElec rN+ rCorr MP-9
                  | Int-3}
 50534 | Elf:3    | Got the Discourse on Conjury
 50539 | Elf:3    | Identified the +6 morningstar of Vuhacw {freeze, Fragile
                  | rCorr Stlth+}
 50545 | Elf:3    | Identified the +6 great mace of Purpose {freeze, rN++
                  | Dex-4}
 50552 | Elf:3    | Identified the staff of death "Nipoogg" {Fragile Fly rN+
                  | SInv Stlth+}
 50619 | Elf:3    | Lost mutation: You are dopey. (Int -2) [potion of mutation]
 50619 | Elf:3    | Lost mutation: You are clumsy. (Dex -2) [potion of
                  | mutation]
 50619 | Elf:3    | Gained mutation: Your spells are a little easier to cast,
                  | but a little less powerful. [potion of mutation]
 50619 | Elf:3    | Gained mutation: You are strong-willed. (Will+) [potion of
                  | mutation]
 50619 | Elf:3    | Gained mutation: You are robust. (+10% HP) [potion of
                  | mutation]
 50896 | Vaults:1 | Entered Level 1 of the Vaults
 51187 | Vaults:1 | Found a magical portal.
 51305 | WizLab   | Entered Tukima's Studio
 51473 | WizLab   | Reached XP level 20. HP: 110/110 MP: 30/35
 51579 | WizLab   | Learned a level 2 spell: Lesser Beckoning
 51595 | WizLab   | Reached skill level 1 in Translocations
 51950 | WizLab   | Reached skill level 5 in Translocations
 52421 | WizLab   | Learned a level 1 spell: Apportation
 52696 | Vaults:1 | Received a gift from Nemelex Xobeh
 53144 | Vaults:1 | Reached skill level 10 in Translocations
 53925 | Vaults:1 | Received a gift from Nemelex Xobeh
 55218 | Vaults:2 | Received a gift from Nemelex Xobeh
 55621 | Vaults:2 | Lost mutation: You possess an exceptional clarity of mind.
                  | [mutagenic glow]
 55662 | Vaults:2 | Reached skill level 15 in Dodging
 56116 | Vaults:2 | Found a transporter.
 56128 | Vaults:2 | Found a transporter.
 56387 | Vaults:3 | Reached XP level 21. HP: 116/116 MP: 29/36
 56615 | Vaults:3 | Reached skill level 11 in Hexes
 56723 | Vaults:3 | Reached skill level 12 in Hexes
 57056 | Vaults:3 | Reached skill level 13 in Hexes
 57193 | Vaults:3 | Reached skill level 14 in Hexes
 57492 | Vaults:3 | Received a gift from Nemelex Xobeh
 57752 | Vaults:3 | Reached skill level 15 in Hexes
 57753 | Vaults:3 | Found Morapr Qaurr's Weapon Emporium.
 57966 | Vaults:3 | Received a gift from Nemelex Xobeh
 58438 | Vaults:3 | Reached skill level 16 in Hexes
 58894 | Vaults:3 | Found a staircase to the Crypt.
 59203 | Vaults:4 | Reached skill level 17 in Hexes
 59209 | Vaults:4 | Received a gift from Nemelex Xobeh
 59407 | Vaults:4 | Found a runed translucent gate.
 59407 | Vaults:4 | Found a runed translucent gate.
 59408 | Vaults:4 | Received a gift from Nemelex Xobeh
 59408 | Vaults:4 | Found a runed translucent gate.
 59547 | Vaults:4 | Received a gift from Nemelex Xobeh
 59850 | Vaults:4 | Reached skill level 18 in Hexes
 60010 | Vaults:4 | Received a gift from Nemelex Xobeh
 60366 | Vaults:4 | Noticed Fubrub's ghost (veteran GnWr)
 61077 | Depths:1 | Entered Level 1 of the Depths
 61102 | Depths:1 | Found a basalt altar of Yredelemnul.
 61419 | Depths:1 | Reached skill level 19 in Hexes
 61668 | Depths:1 | Reached XP level 22. HP: 121/121 MP: 36/40
 61994 | Depths:1 | Found a gateway to Hell.
 62056 | Depths:1 | Found a portal to a secret trove of treasure.
 62098 | Depths:1 | Received a gift from Nemelex Xobeh
 62187 | Depths:1 | Reached skill level 20 in Hexes
 62212 | Depths:1 | Learned a level 8 spell: Discord
 62371 | Depths:1 | Lost mutation: You are weak. (Str -2) [potion of mutation]
 62371 | Depths:1 | Lost mutation: You are strong-willed. (Will+) [potion of
                  | mutation]
 62371 | Depths:1 | Lost mutation: You are robust. (+10% HP) [potion of
                  | mutation]
 62371 | Depths:1 | Gained mutation: Potions are less effective at restoring
                  | your health. [potion of mutation]
 62372 | Depths:1 | Lost mutation: Potions are less effective at restoring your
                  | health. [potion of mutation]
 62372 | Depths:1 | Lost mutation: Your spells are a little easier to cast, but
                  | a little less powerful. [potion of mutation]
 62372 | Depths:1 | Gained mutation: Your muscles are strong. (Str +4, Int/Dex
                  | -1) [potion of mutation]
 62372 | Depths:1 | Gained mutation: You are vulnerable to heat. (rF-) [potion
                  | of mutation]
 62372 | Depths:1 | Lost mutation: Your muscles are strong. (Str +4, Int/Dex
                  | -1) [potion of mutation]
 62373 | Depths:1 | Lost mutation: You are vulnerable to heat. (rF-) [potion of
                  | mutation]
 62373 | Depths:1 | Gained mutation: Your natural rate of healing is unusually
                  | fast. [potion of mutation]
 62373 | Depths:1 | Gained mutation: You sometimes lose your temper in combat.
                  | [potion of mutation]
 62373 | Depths:1 | Gained mutation: You are partially covered in iridescent
                  | scales. (AC +2) [potion of mutation]
 62374 | Depths:1 | Lost mutation: Your natural rate of healing is unusually
                  | fast. [potion of mutation]
 62374 | Depths:1 | Lost mutation: You are partially covered in iridescent
                  | scales. (AC +2) [potion of mutation]
 62374 | Depths:1 | Gained mutation: You are robust. (+10% HP) [potion of
                  | mutation]
 62374 | Depths:1 | Gained mutation: You have a pair of small horns on your
                  | head. [potion of mutation]
 62374 | Depths:1 | Gained mutation: Your muscles are strong. (Str +4, Int/Dex
                  | -1) [potion of mutation]
 62375 | Depths:1 | Lost mutation: You have a pair of small horns on your head.
                  | [potion of mutation]
 62375 | Depths:1 | Lost mutation: You sometimes lose your temper in combat.
                  | [potion of mutation]
 62375 | Depths:1 | Lost mutation: You are robust. (+10% HP) [potion of
                  | mutation]
 62375 | Depths:1 | Gained mutation: Your spells are a little easier to cast,
                  | but a little less powerful. [potion of mutation]
 62375 | Depths:1 | Gained mutation: You are robust. (+10% HP) [potion of
                  | mutation]
 62376 | Depths:1 | Lost mutation: Your muscles are strong. (Str +4, Int/Dex
                  | -1) [potion of mutation]
 62376 | Depths:1 | Lost mutation: Your spells are a little easier to cast, but
                  | a little less powerful. [potion of mutation]
 62376 | Depths:1 | Lost mutation: You are robust. (+10% HP) [potion of
                  | mutation]
 62376 | Depths:1 | Gained mutation: You have an increased reservoir of magic.
                  | (+10% MP) [potion of mutation]
 62418 | Depths:2 | Found a one-way gateway to a ziggurat.
 63100 | Depths:2 | Reached skill level 21 in Hexes
 63306 | Depths:2 | Identified a scroll of acquirement
 63994 | Depths:2 | Reached skill level 22 in Hexes
 64236 | Depths:2 | Identified the +1 robe "Xoott" {Int+8}
 64347 | Depths:2 | Noticed a juggernaut
 64560 | Depths:2 | Killed a juggernaut
 64721 | Depths:2 | Identified the +1 falchion "Lautsaryib" {drain, Int+3
                  | Stlth+}
 65221 | Depths:2 | Received a gift from Nemelex Xobeh
 65399 | Depths:2 | Paralysed by a floating eye for 4 turns
 66601 | Depths:3 | Received a gift from Nemelex Xobeh
 67032 | Depths:3 | Reached XP level 23. HP: 115/115 MP: 45/45
 67350 | Depths:3 | Reached skill level 23 in Hexes
 67602 | Depths:3 | Found the +15 Maxwell's patent armour {-Cast -Tele rElec
                  | Will+ rCorr}
 67683 | Depths:3 | Acquired the ring "Seogiamu" {rC+ rN+ Str+3}
 68234 | Depths:3 | Killed from afar by a living spell
 68235 | Depths:3 | Reached XP level 22. HP: -11/168 MP: 45/45
 68334 | Depths:3 | Received a gift from Nemelex Xobeh
 69144 | Depths:4 | Entered Level 4 of the Depths
 69200 | Depths:4 | Found a shadowy altar of Dithmenos.
 69227 | Depths:4 | Found a flickering gateway to a bazaar.
 69237 | Bazaar   | Entered a bazaar
 69237 | Bazaar   | Found Vuesk's Antique Armour Shop.
 69237 | Bazaar   | Found Eneogior's Magic Scroll Emporium.
 69237 | Bazaar   | Found Inoonet's Jewellery Shop.
 69237 | Bazaar   | Found Mogupt's Antique Armour Shoppe.
 69239 | Bazaar   | Found Plog's General Store.
 69489 | Bazaar   | Bought a scroll of fear for 40 gold pieces
 69489 | Bazaar   | Bought a scroll of fog for 40 gold pieces
 69489 | Bazaar   | Bought a scroll of teleportation for 30 gold pieces
 69489 | Bazaar   | Bought a scroll of teleportation for 30 gold pieces
 69737 | Depths:4 | Received a gift from Nemelex Xobeh
 70313 | Depths:4 | Received a gift from Nemelex Xobeh
 70384 | Depths:4 | Noticed a golden dragon
 70390 | Depths:4 | Killed a golden dragon
 70403 | Depths:4 | Noticed a golden dragon
 70721 | Depths:4 | Killed a golden dragon
 70722 | Depths:4 | Reached skill level 24 in Hexes
 70930 | Depths:4 | Noticed a golden dragon
 70940 | Depths:4 | Killed a golden dragon
 71323 | Depths:4 | Noticed a golden dragon
 71331 | Depths:4 | Killed a golden dragon
 71365 | Depths:4 | Noticed a golden dragon
 71369 | Depths:4 | Killed a golden dragon
 71370 | Depths:4 | Reached skill level 15 in Spellcasting
 72120 | Depths:4 | Noticed a golden dragon
 72125 | Depths:4 | Killed a golden dragon
 72126 | Depths:4 | Reached XP level 23. HP: 117/117 MP: 38/47
 72278 | Depths:4 | Received a gift from Nemelex Xobeh
 72479 | Depths:4 | Found a gate to the Realm of Zot.
 72745 | Hell     | Entered the Vestibule of Hell
 72745 | Hell     | Noticed Geryon
 72814 | Hell     | Noticed Murray
 72823 | Hell     | Killed Murray
 73539 | Hell     | Killed Geryon
 73744 | Depths:1 | You paid a toll of the horn of Geryon to enter a treasure
                  | trove
 73745 | Trove    | Entered a treasure trove
 73752 | Trove    | Identified the amulet "Donelel" {Reflect rPois rC+ rN+ SH+5
                  | Stlth+}
 73758 | Trove    | Identified the ring "Wugoif" {Fire Contam rElec rPois
                  | Will+}
 73776 | Trove    | Got the Textbook on the Flinty Sixfirhy
 73790 | Depths:1 | Acquired 599 gold pieces
 73887 | Depths:2 | Voluntarily entered the Abyss.
 73887 | Abyss:1  | Found a corrupted altar of Lugonu.
 73985 | Abyss:1  | Received a gift from Nemelex Xobeh
 74066 | Abyss:1  | Found a viscous altar of Jiyva.
 74138 | Depths:2 | Escaped the Abyss
 74215 | Depths:2 | Voluntarily entered the Abyss.
 74267 | Abyss:3  | Received a gift from Nemelex Xobeh
 74288 | Abyss:3  | Reached skill level 5 in Stealth
 74292 | Abyss:3  | Paralysed by accursed screaming for 1 turns
 74318 | Abyss:3  | Received a gift from Nemelex Xobeh
 74332 | Depths:2 | Escaped the Abyss
 74443 | Depths:2 | Voluntarily entered the Abyss.
 74445 | Abyss:3  | Found a stormy altar of Qazlal.
 74449 | Abyss:3  | Found an opulent altar of Gozag.
 74485 | Depths:2 | Escaped the Abyss
 74487 | Depths:2 | Voluntarily entered the Abyss.
 74492 | Abyss:3  | Found a corrupted altar of Lugonu.
 74518 | Abyss:3  | Received a gift from Nemelex Xobeh
 74633 | Abyss:3  | Found a corrupted altar of Lugonu.
 74783 | Abyss:3  | HP: 3/139 [angel/+2 whip of holy wrath (10)]
 74839 | Abyss:3  | Found a glowing golden altar of the Shining One.
 74839 | Abyss:3  | Received a gift from Nemelex Xobeh
 74860 | Abyss:3  | Noticed a juggernaut
 74866 | Abyss:3  | Killed a juggernaut
 74867 | Abyss:3  | Reached skill level 10 in Stealth
 74879 | Abyss:3  | Got an abyssal rune of Zot
 74893 | Depths:2 | Escaped the Abyss
 75366 | Zot:1    | Entered Level 1 of the Realm of Zot
 77523 | Zot:2    | Reached XP level 24. HP: 122/122 MP: 40/47
 77542 | Zot:2    | Noticed an orb of fire
 77952 | Zot:2    | Received a gift from Nemelex Xobeh
 77975 | Zot:2    | Gained mutation: You are vulnerable to heat. (rF-) [an orb
                  | of fire]
 77977 | Zot:2    | Killed an orb of fire
 78081 | Zot:2    | Lost mutation: You are vulnerable to heat. (rF-) [potion of
                  | mutation]
 78081 | Zot:2    | Lost mutation: You have an increased reservoir of magic.
                  | (+10% MP) [potion of mutation]
 78081 | Zot:2    | Gained mutation: You are partially covered in iridescent
                  | scales. (AC +2) [potion of mutation]
 78081 | Zot:2    | Gained mutation: You have hidden genetic potential. [potion
                  | of mutation]
 78714 | Zot:2    | Identified the +3 spear "Boruf" {freeze, Fragile Str+4
                  | Int+2 Stlth+}
 78784 | Zot:2    | Identified the ring "Seobun" {*Corrode rC+ rN+ AC+4 SInv}
 79799 | Zot:3    | Found the ring of the Octopus King
 79805 | Zot:3    | Identified a ring of the Octopus King {HP+2 MP+9 AC+2 EV+2
                  | SH+2}
 80086 | Zot:3    | Received a gift from Nemelex Xobeh
 81159 | Zot:4    | Found the +4 dragonskin cloak
 81159 | Zot:4    | Noticed Tiamat
 81197 | Zot:3    | Killed Tiamat
 82109 | Zot:4    | Received a gift from Nemelex Xobeh
 82453 | Zot:4    | Received a gift from Nemelex Xobeh
 82519 | Zot:5    | Entered Level 5 of the Realm of Zot
 82829 | Zot:5    | Noticed a Killer Klown
 82948 | Zot:5    | Killed a Killer Klown
 83039 | Zot:5    | Noticed a Killer Klown
 83042 | Zot:5    | Reached XP level 25. HP: 128/128 MP: 37/43
 83064 | Zot:5    | Killed a Killer Klown
 83477 | Zot:5    | Gained mutation: You have a pair of small antennae on your
                  | head. [hidden potential]
 84058 | Zot:5    | Noticed an ancient lich
 84062 | Zot:5    | Killed an ancient lich
 84195 | Zot:5    | Noticed a Killer Klown
 84198 | Zot:5    | Noticed a Killer Klown
 84207 | Zot:5    | Noticed an orb of fire
 84209 | Zot:5    | Killed a Killer Klown
 84232 | Zot:5    | Killed a Killer Klown
 84354 | Zot:5    | Gained mutation: You are mostly covered in iridescent
                  | scales. (AC +4) [an orb of fire]
 84355 | Zot:5    | Killed an orb of fire
 84688 | Zot:5    | Noticed an orb of fire
 84694 | Zot:5    | Killed an orb of fire
 84758 | Zot:5    | Noticed a dread lich
 84764 | Zot:5    | Killed a dread lich
 85035 | Zot:5    | Noticed an orb of fire
 85047 | Zot:5    | Killed an orb of fire
 85384 | Zot:5    | Noticed a Killer Klown
 85391 | Zot:5    | Killed a Killer Klown
 85440 | Zot:5    | Learned a level 2 spell: Blink
 85440 | Zot:5    | Received a gift from Nemelex Xobeh
 85484 | Zot:5    | Noticed an orb of fire
 85492 | Zot:5    | Noticed an orb of fire
 85498 | Zot:5    | Gained mutation: You are vulnerable to cold. (rC-) [an orb
                  | of fire]
 85500 | Zot:5    | Gained mutation: Your spells are a little easier to cast,
                  | but a little less powerful. [an orb of fire]
 85502 | Zot:5    | Killed an orb of fire
 85505 | Zot:5    | Gained mutation: You are frail. (-10% HP) [an orb of fire]
 85511 | Zot:5    | Killed an orb of fire
 85812 | Zot:5    | HP: 8/175 [Orb Guardian (12)]
 86620 | Zot:5    | Got the Orb of Zot
 86623 | Zot:5    | Noticed a dread lich
 86623 | Zot:5    | Noticed an orb of fire
 86623 | Zot:5    | Noticed an orb of fire
 86623 | Zot:5    | Noticed a Killer Klown
 86677 | Zot:4    | Noticed Huizxu Dute the pandemonium lord
 86732 | Zot:1    | Noticed Xesauc the pandemonium lord
 86765 | Depths:4 | Noticed Zoobb the pandemonium lord
 87091 | D:3      | Noticed Voushoil the pandemonium lord
 87205 | D:1      | Killed from afar by a hellion
 87206 | D:1      | Reached XP level 24. HP: -5/169 MP: 38/43
 87246 | D:1      | gg
 87248 | D:$      | Escaped with the Orb!

Illustrated notes

##.####################..........
##.#.†..###### #.).##.######.####
##.####..#.#.###.###....####.....
...#.###..#...........~....####..
...#.#....##..~~~.....~~~...# #..
.....##......~≈~~.~....~~~..# #..
...#..#..~~..~≈≈.~~~~......## #..
...##.##..~≈~~~...≈~≈~....## #..
##.###.##..~≈~..D..≈≈~..#######..
##.2......~~≈~~..5≈~≈~≈..#....#..
##†##..#...≈≈≈≈~.5~≈~~...##.5....
...####......~≈.~~~5...###..###..
####.####......~~≈......#..## ###
# #.....#..##............## #
#.)##....#########....## ##### #
##.####### ###.#####..# #.... #
########## #...##########....


Turn 87246 on D:1: gg

Levels and vault maps discovered:
D:1:      dpeg_arrival_subterranean_lakeside_camping, layout_basic
D:2:      layout_loops_ring
D:3:      layout_basic, gammafunk_ghost_split, minmay_misc_feat_encased
D:4:      minmay_clustersquares, layout_basic, uniq_blork_the_orc,
          uniq_eustachio
D:5:      cheibrodos_helix_gallery, layout_basic
D:6:      layout_basic, minmay_mini_ossuary, uniq_duvessa
D:7:      layout_rooms, mainiacjoe_overflow_chevrons, lemuel_temple_firewalk_b,
          kennysheep_small_square, uniq_prince_ribbit1
D:8:      layout_basic, serial_shops, shop, nicolae_shop_overgrown_old_shop,
          shop, shop, nicolae_inconvenience_store
D:9:      layout_basic, uniq_erica
D:10:     layout_stronghold, grunt_lair_entry_orc_guard_hut, uniq_grum
D:11:     layout_loops_ring, gauntlet_entry_generic
D:12:     layout_basic, erik_orc_4
D:13:     nrook_guardian_serpent_snake_passage, layout_basic,
          skrybe_vaults_entry_preservation, uniq_rupert
D:14:     layout_loops_ring, chequers_serial_rivers_micro_d, minmay_radiant,
          uniq_roxanne
D:15:     grunt_enter_depths_magical_seal, layout_basic,
          grunt_gozag_breadcrumbs, portal_ice_cave_entry_ice_statue_two
Temple:   nicolae_temple_bog_church
Lair:1:   layout_long_grid, beast_lair_carwin_3
Lair:2:   layout_loops_ring, minmay_snake_entry_guardpost_small,
          nzn_ghost_randoct, hangedman_lair_unloving_vines,
          kennysheep_snail_temple, lemuel_fruit_fields, uniq_sonja, uniq_urug
Lair:3:   layout_regular_city, minmay_shoals_entry_beasts
Lair:4:   layout_loops_ring, fungi_pond_lemuel
Lair:5:   hellmonk_lair_end_abyssal_woods, layout_layer_cave,
          minmay_slime_entry_oklob_open, ebering_ghost_xom, hibernation_bobbens
Shoals:1: argonaut_golden_fleece, layout_shoals, gammafunk_ghost_cemetery,
          serial_shops, shop, nicolae_alphabet_shops,
          nicolae_shoals_pincushion_passage, uniq_nikola, uniq_josephine
Shoals:2: nicolae_shoals_aurelia_aurita, layout_shoals
Shoals:3: layout_shoals, uniq_ilsuiw
Shoals:4: shoals_end_hellmonk_lost_city
Snake:1:  layout_misc_corridors, nicolae_snake_round_shape_thing
Snake:2:  layout_rooms, serial_shops, nicolae_take_the_stairs,
          grunt_megastairs_5, minmay_shoptagon
Snake:3:  layout_onion_interference, gammafunk_ghost_grave, minmay_shop_star,
          grunt_megastairs_1
Snake:4:  johnstein_snake_rune_scales, layout_chambers, gammafunk_ghost_grave,
          uniq_aizul, uniq_bai_suzhen
Orc:1:    layout_caves, basic_altar
Orc:2:    pf_orc_diabolical, layout_caves, serial_shops,
          nicolae_shop_window_shopping
Elf:1:    minmay_elf_arrival_summoners, layout_geoelf_grid,
          minmay_elf_demonology, lemuel_statue_altar, grunt_megastairs_3,
          uniq_donald
Elf:2:    elven_hall_of_blades_hangedman_alternative
          [nicolae_blade_entry_floor_patterns], layout_loops_corners,
          uniq_zenata, uniq_agnes, uniq_asterion
Elf:3:    minmay_elf_hall_four_x, layout_geoelf_octagon,
          nicolae_elf_glass_and_crystal_pillar_1, st_stairs_14, uniq_louise
Vaults:1: infiniplex_enter_wizlab_water, nicolae_vaults_back_hallway,
          hangedman_vaults_corner, vaults_standard_mumra_lines,
          nicolae_vaults_asterisk, nicolae_vaults_circle_grid_b,
          nicolae_vaults_branching_niches, v_rooms_6, v_alt_pattern_5,
          grunt_vaults_diagonal, grunt_vaults_twisty,
          nicolae_vaults_little_squares_4, v_pattern_2,
          nicolae_vaults_little_squares_2, grunt_vaults_focal, vaults_room_pool,
          vaults_dpeg_ring, layout_vaults_maze
Vaults:2: v_misc_3, vaults_mumra_minichess_inversion, ontoclasm_vaults_bender,
          gammafunk_sealed_arena, vaults_dpeg_emergency_exit,
          vaults_mumra_hexcomb, v_misc_2, ontoclasm_vaults_fault,
          v_alt_pattern_1, dpeg_vaults_monster_box,
          nicolae_vaults_mini_display_case, ontoclasm_vaults_twist,
          vaults_room_pool, layout_vaults_omnibox
Vaults:3: minmay_crypt_entry_simple_walls, st_eye, nicolae_vaults_triangles,
          ontoclasm_vaults_loading_screen, v_misc_4,
          ontoclasm_vaults_ring_small, hangedman_vaults_trim,
          layout_vaults_omnigrid, serial_shops, shop
Vaults:4: gammafunk_ghost_tricky_traps, v_rooms_6, v_pattern_1,
          nicolae_vaults_specimen_jars, v_misc_8, v_misc_26,
          nicolae_vaults_what_the_h, nicolae_vaults_border_crossing,
          vaults_room_stairs_pillars, layout_vaults_chaotic_city
Depths:1: layout_cave_pools, minmay_door_square, hell_entry,
          trove_entry_hex_spiral, lemuel_zombie_altar_yredelemnul,
          serial_bayou_shore_b
Depths:2: minmay_the_grid_square_5x5_5x5_mashed
          [minmay_the_grid_square_5x5_inner_i,
          minmay_the_grid_square_5x5_pentomino_r,
          minmay_the_grid_square_5x5_almost_minimal,
          minmay_the_grid_square_5x5_misaligned,
          minmay_the_grid_square_5x5_dogpile,
          minmay_the_grid_square_5x5_inner_v,
          minmay_the_grid_square_5x5_prize_rear_guard,
          minmay_the_grid_square_5x5_shuriken,
          minmay_the_grid_square_5x5_prize_monsterx,
          minmay_the_grid_square_5x5_n_small, minmay_the_grid_square_5x5_six,
          minmay_the_grid_square_5x5_beaten_path,
          minmay_the_grid_square_5x5_prize_snowflake,
          minmay_the_grid_square_5x5_plus, minmay_the_grid_square_5x5_eight,
          minmay_the_grid_square_5x5_n, minmay_the_grid_square_5x5_prize_waves,
          minmay_the_grid_square_5x5_minivault,
          minmay_the_grid_square_5x5_prize_junk,
          minmay_the_grid_square_5x5_slash, minmay_the_grid_square_5x5_spiral,
          minmay_the_grid_square_5x5_corner, minmay_the_grid_square_5x5_percent,
          minmay_the_grid_square_5x5_two_small,
          minmay_the_grid_square_5x5_three], layout_cave_pools,
          enter_ziggurat_f, lightli_too_deep, minmay_holes, pan_entry,
          abyss_entry, infiniplex_staircase_pillars_1
Depths:3: lemuel_traditional_vault, layout_basic, hell_entry, abyss_entry,
          wad_floor_pattern_untrapped, hangedman_glass_teeth,
          minmay_staircase_windowed_large, grunt_megastairs_4
Depths:4: lemuel_castle_with_subvaults [lemuel_castle_interior_carwin_2],
          layout_honeycomb, serial_shops, freezing_bzr, serial_glass,
          glass_columns_b, glass_columns_c, glass_columns_b, hellmouth_1,
          nicolae_dithmenos_shadow_blocks
Hell
Zot:1:    lemuel_halls_of_wrath, layout_twisted_circle
Zot:2:    layout_onion, st_large_dragon_hoard_4
Zot:3:    layout_twisted_circle
Zot:4:    layout_misc_corridors, st_small_dragon_hoard_1, uniq_tiamat
Zot:5:    layout_gridlike, grunt_ministairs_6, bh_zot_levy_curve

Skill      XL: |  1  2  3  4  5  6  7  8  9 10 11 12 13 14 15 16 17 18 19 20 21 22 23 24 25 |
---------------+----------------------------------------------------------------------------+-----
Ice Magic      | 4 5 6 7 8 |  8.0
Fighting       | 1 2 3 4 7 8 10 11 12 14 15 17 18 20 19 21 22 | 22.1
Stealth        | 3 10 | 10.0
Dodging        | 4 5 6 9 10 13 15 17 19 | 19.7
Spellcasting   | 3 4 5 6 7 8 10 13 15 14 | 15.0
Summonings     | 1 3 4 6 |  6.0
Evocations     | 3 7 8 |  8.0
Invocations    | 4 8 10 11 13 15 19 20 | 20.0
Hexes          | 10 19 24 23 | 24.0
Transmutations | 5 14 15 16 | 16.0
Unarmed Combat | 5 10 11 12 14 15 17 18 20 19 21 22 | 22.1
Earth Magic    | 6 8 |  8.0
Translocations | 10 | 10.0

Action                     |  1- 3 |  4- 6 |  7- 9 | 10-12 | 13-15 | 16-18 | 19-21 | 22-24 | 25-27 || total
---------------------------+-------+-------+-------+-------+-------+-------+-------+-------+-------++-------
  Melee: Unarmed           |    21 |    10 |    68 |    38 |   875 |   934 |  1083 |  1296 |   207 ||  4532
         Bite              |     1 |     3 |    16 |    10 |   127 |   140 |   202 |   239 |    41 ||   779
         Punch             |       |       |     3 |       |    65 |    80 |   172 |   239 |    39 ||   598
         Tailslap          |       |       |       |       |   171 |   174 |   233 |   304 |    61 ||   943
   Cast: Freeze            |    67 |    43 |    86 |   212 |   217 |       |       |       |       ||   625
         Frozen Ramparts   |       |    11 |    32 |    81 |    66 |     2 |       |       |       ||   192
         Summon Ice Beast  |       |       |    33 |    22 |     4 |       |       |       |       ||    59
         Ozocubu's Armour  |       |       |     4 |    19 |    17 |     1 |       |     1 |       ||    42
         Dragon Form       |       |       |       |       |    68 |   100 |   106 |   164 |    29 ||   467
         Cause Fear        |       |       |       |       |     4 |     5 |     5 |     1 |       ||    15
         Yara's Violent Un |       |       |       |       |    12 |     5 |    11 |     9 |     2 ||    39
         Irradiate         |       |       |       |       |     9 |    37 |    33 |    60 |     6 ||   145
         Statue Form       |       |       |       |       |       |     6 |     1 |       |       ||     7
         Lesser Beckoning  |       |       |       |       |       |       |    72 |   202 |    45 ||   319
         Apportation       |       |       |       |       |       |       |     2 |     2 |       ||     4
         Discord           |       |       |       |       |       |       |       |    42 |     3 ||    45
         Blink             |       |       |       |       |       |       |       |       |     1 ||     1
 Invoke: Draw Destruction  |       |       |       |     3 |    12 |     6 |       |     1 |     1 ||    23
         Draw Summoning    |       |       |       |     1 |     2 |     3 |     3 |       |       ||     9
         Triple Draw       |       |       |       |       |       |     1 |       |       |     1 ||     2
Ability: End Transformatio |       |       |       |       |     2 |       |       |     2 |     2 ||     6
  Evoke: Wand              |       |       |       |    14 |    24 |     8 |     4 |     6 |     4 ||    60
         Tin of tremorston |       |       |       |       |     2 |     3 |     1 |     1 |       ||     7
         Box of beasts     |       |       |       |       |     1 |       |       |     1 |       ||     2
         Condenser vane    |       |       |       |       |       |       |     1 |       |       ||     1
    Use: Scroll            |     1 |     1 |     9 |     9 |    16 |     5 |     5 |    14 |     3 ||    63
         Potion            |       |       |     2 |     4 |     5 |     7 |     6 |    16 |    11 ||    51
   Stab: Sleeping          |     1 |     1 |       |       |     3 |     1 |     5 |       |       ||    11
         Distracted        |       |     1 |     2 |     1 |     2 |       |     1 |     1 |       ||     8
 Armour: Skin              |     7 |     9 |    25 |    32 |   345 |   199 |   178 |   265 |    30 ||  1090
  Dodge: Dodged            |    60 |    44 |   114 |   444 |  1430 |  1054 |  1009 |  1184 |   137 ||  5476
  Block: Other             |       |       |       |       |       |       |       |    90 |    35 ||   125
         Reflection        |       |       |       |       |       |       |       |     1 |     1 ||     2

Table legend: (Time is in decaauts)
 A = Elapsed time spent in this place.
 B = Non-inter-level travel time spent in this place.
 C = Inter-level travel time spent in this place.
 D = Time resting spent in this place.
 E = Time spent auto-exploring this place.
 F = Levels seen in this place.
 G = Mean time per level.
                   A        B        C        D        E       F      G
               +--------+--------+--------+--------+--------+-----+--------+
         Total |  81505 |  78224 |   3281 |  36068 |  23626 |  59 | 1381.4 |
       Dungeon |  15746 |  14652 |   1094 |   4343 |   6492 |  15 | 1049.7 |
        Temple |    162 |    142 |     20 |      0 |    122 |   1 |  162.0 |
          Lair |  10217 |   9856 |    361 |   5012 |   2608 |   5 | 2043.4 |
        Shoals |   5289 |   5047 |    242 |   2599 |   1207 |   4 | 1322.2 |
     Snake Pit |   7943 |   7816 |    127 |   4139 |   1943 |   4 | 1985.8 |
  Orcish Mines |   1917 |   1799 |    118 |    414 |    917 |   2 |  958.5 |
   Elven Halls |   5571 |   5386 |    185 |   2084 |   1795 |   3 | 1857.0 |
        Vaults |   8221 |   7985 |    236 |   3402 |   2989 |   4 | 2055.2 |
        Depths |  12645 |  11923 |    722 |   7354 |   2458 |   4 | 3161.2 |
          Hell |     59 |     59 |      0 |      0 |      0 |   1 |   59.0 |
           Zot |  10560 |  10386 |    174 |   5404 |   2770 |   5 | 2112.0 |
         Abyss |    726 |    726 |      0 |     85 |     29 |   6 |  121.0 |
        Bazaar |    253 |    253 |      0 |    207 |     29 |   1 |  253.0 |
         Trove |     38 |     38 |      0 |      0 |      4 |   1 |   38.0 |
      Ice Cave |    421 |    421 |      0 |    158 |      6 |   1 |  421.0 |
        Wizlab |   1132 |   1132 |      0 |    770 |     15 |   1 | 1132.0 |
      Gauntlet |    599 |    599 |      0 |     92 |    236 |   1 |  599.0 |
               +--------+--------+--------+--------+--------+-----+--------+

Top non-repeatable levels by time:
Depths:1: 3951 daAuts
Depths:3: 3848 daAuts
   Zot:5: 3533 daAuts
  Lair:5: 3447 daAuts
   Elf:3: 2783 daAuts
Depths:4: 2550 daAuts
  Lair:4: 2454 daAuts
Vaults:1: 2427 daAuts
   Zot:2: 2381 daAuts
Vaults:3: 2312 daAuts
Depths:2: 2295 daAuts
 Snake:2: 2278 daAuts
 Snake:4: 2234 daAuts
    D:13: 2194 daAuts
 Snake:3: 2191 daAuts
